 Dungeon Crawl Stone Soup version 0.24.1-14-gf8d2b509d9 (webtiles) character file.

Game seed: 3584522157622681463, levelgen mode: deterministic

4 Djon the Skirmisher (level 1, 0/20 HPs)
             Began as a Gnoll Wanderer on Jan 10, 2024.
             Slain by a rat (1 damage)
             ... on level 1 of the Dungeon.
             The game lasted 00:00:40 (109 turns).

Djon the Skirmisher (Gnoll Wanderer)                 Turns: 109, Time: 00:00:40

Health: 0/20       AC:  2    Str: 14    XL:     1   Next: 60%
Magic:  4/4        EV: 11    Int: 12    God:
Gold:   5          SH:  5    Dex: 16    Spells: 4/5 levels left

rFire    . . .     SeeInvis .   a - +2 falchion
rCold    . . .     Gourm    .   c - +0 buckler
rNeg     . . .     Faith    .   d - +0 robe
rPois    .         Spirit   .   (no helmet)
rElec    .         Reflect  .   (no cloak)
rCorr    .         Harm     .   (no gloves)
MR       .....                  (no boots)
Stlth    +.........             (no amulet)
HPRegen  0.06/turn              (no ring)
MPRegen  0.09/turn              (no ring)

@: lethally poisoned (0 -> -3), hasted, very quick
A: distributed training, fangs 1, strong nose
a: no special abilities


You were on level 1 of the Dungeon.
You were not hungry.

You visited 1 branch of the dungeon, and saw 1 of its levels.

You collected 5 gold pieces.

Inventory:

Hand Weapons
 a - a +2 falchion (weapon)
 i - a +2 dagger of venom
Armour
 c - a +0 buckler (worn)
 d - a +0 robe (worn)
Scrolls
 b - a scroll of amnesia {unknown}
 e - 2 scrolls of identify {unknown}
 g - a scroll of fear {unknown}
Comestibles
 f - a ration
 h - a chunk of flesh


   Skills:
 + Level 4.4 Fighting
 + Level 0.0 Short Blades
 + Level 2.3 Long Blades
 + Level 0.0 Axes
 + Level 0.0 Maces & Flails
 + Level 0.0 Polearms
 + Level 0.0 Staves
 + Level 0.0 Slings
 + Level 0.0 Bows
 + Level 0.0 Crossbows
 + Level 0.0 Throwing
 + Level 0.0 Armour
 + Level 0.0 Dodging
 + Level 0.0 Stealth
 + Level 2.3 Shields
 + Level 0.0 Unarmed Combat
 + Level 2.6 Spellcasting
 + Level 0.0 Conjurations
 + Level 0.0 Hexes
 + Level 0.0 Charms
 + Level 0.0 Summonings
 + Level 0.0 Necromancy
 + Level 0.0 Translocations
 + Level 0.0 Transmutations
 + Level 0.0 Fire Magic
 + Level 3.6 Ice Magic
 + Level 0.0 Air Magic
 + Level 3.6 Earth Magic
 + Level 0.0 Poison Magic
 + Level 0.1 Invocations
 + Level 2.3 Evocations


You had 4 spell levels left.
You knew the following spells:

 Your Spells              Type           Power        Failure   Level  Hunger
a - Infusion              Chrm           #...         30%         1    #......

Your spell library contained the following spells:

 Spells                   Type           Power        Failure   Level  Hunger
 Spectral Weapon          Hex/Chrm       #.......     67%         3    ###....


Dungeon Overview and Level Annotations

Branches:
Dungeon (1/15)

Altars:


Innate Abilities, Weirdness & Mutations

Your experience applies equally to all skills.
You have very sharp teeth.
Your uncanny sense of smell can sniff out nearby items.


Message History

You feel sick.
* * * LOW HITPOINT WARNING * * *
You feel sick.
Found 11 gold pieces.
* * * LOW HITPOINT WARNING * * *
You feel sick.
* * * LOW HITPOINT WARNING * * *
You feel sick.
* * * LOW HITPOINT WARNING * * *
You feel sick.
Found a bubbling sapphire potion.
* * * LOW HITPOINT WARNING * * *
You feel sick.
* * * LOW HITPOINT WARNING * * *
You feel sick.
Found a glowing whip.
You see here a bubbling sapphire potion.
Okay, then.
It was a potion of haste.
You feel yourself speed up. The rat bites you.
You die...

#######
.......#######
)......@r....###
.#####.#.#.....#
##.##.###.####
#.# #. #.#
#....# #.#
#.##.###.##.####
#.. ∆
##.#............
#.#
##.......##.####
#.#
#........##.....
#.#
#..###.#......$.


You could see a rat.

Vanquished Creatures
  A goblin (D:1)
  2 kobolds (D:1)
  A rat (D:1)
4 creatures vanquished.

Notes
Turn   | Place    | Note
-------+----------+-------------------------------------------
     0 | D:1      | Djon the Gnoll Wanderer began the quest for the Orb.
     0 | D:1      | Djon set off with the following items: a +2 falchion, a +0
                  | buckler, a +0 robe, a ration; and the following spell
                  | memorised: Infusion; and the following spells available to
                  | memorise: Spectral Weapon
     0 | D:1      | Reached XP level 1. HP: 20/20 MP: 4/4
   108 | D:1      | HP: 1/20 [poisoned by a kobold]
   109 | D:1      | Slain by a rat

Levels and vault maps discovered:
D:1:      scummos_arrival_gate, layout_loops_ring, minmay_splitting_lines

Action                   || total
-------------------------++-------
Melee: Falchion          ||     8
       Bite              ||     1
  Use: Potion            ||     1
Armor: Robe              ||     1
Dodge: Dodged            ||     5
Block: Buckler           ||     2
